Workbook

Sheet 表紙
A7: 苫前町新日本海地域交流センター
A13: 申請書類
A43: 令和８年１０月
A49: 苫前町

Sheet 目次
A4: 様 式 集 目 次
A6: （条例施行規則第１号様式） 指定管理者指定申請書
A8: （様式１） | C8: 団体の概要
A10: （様式２） | C10: 業務計画書
A12: （様式３） | C12: 管理のための基本方針
A14: （様式４－Ａ） | C14: 管理の実施計画
A16: （様式４－Ｂ） | C16: 利用料金の設定方針
A18: （様式４－Ｃ） | C18: 職員の配置計画
A20: （様式５） | C20: 収支計画書（収支内訳書）
C21: 別紙様式 スライド制度対象経費計画額
A23: （様式６） | C23: 辞退届
A25: （様式７） | C25: 公募説明会及び施設見学会参加申込書
A27: （様式８） | C27: 質問書
A29: ＊ 上記様式において記載するスペースが足りない場合は、適宜、別紙を添付してください。

Sheet 別記様式第１号
A4: 別記様式第１号
A7: 指定管理者指定申請書
F11: 令和 年 月 日
A13: 苫前町長 様
E14: 団体名
D15: 申請者 | E15: 所在地
E16: 代表者名
A18: 苫前町公の施設に係る指定管理者の指定の手続等に関する条例第３条の規定により、次のとおり
A19: 指定管理者の指定を受けたいので、関係書類を添えて申請します。
A20: 記
A21: １ 公の施設の名称
A22: ２ 公の施設の所在地
A24: 添付書類
A25: １ 申請資格を有していることを証する書類
A26: ２ 団体の概要
A27: ３ 業務計画書
A28: ４ 収支計画書
A29: ５ 申請書を提出する日の属する事業年度の前事業年度の申請者に関する事業報告書、収支
A30: （損益）計算書、 貸借対照表、財産目録その他財務の状況を明らかにする書類
... A33: ８ その他町長が指定する書類

Sheet （様式１）
H4: （様式１）
A6: 団 体 の 概 要
F8: （令和８年１０月現在）
A9: （ふりがな）
A10: 団体名
A11: 所在地 | B11: 〒 | E11: 電話番号
A13: 設立年月日 | B13: 年 月
A15: 沿革
A19: 業務内容
A24: 主な実績
A29: 経営状況 | B29: 年 度 | C29: 令和５年度 | E29: 令和６年度 | G29: 令和７年度
A30: （過去３年間について記入してください） | B30: 総収入
B31: 総支出
B32: 当期損益
B33: 累積損益
A34: 応募に関する担当者連絡先
A35: （ふりがな） | E35: 部署・職名
A36: 氏名
A37: 電話番号 | D37: ＦＡＸ | F37: メール

Sheet （様式２）
H4: （様式２）
A7: 業 務 計 画 書
F11: 令和 年 月 日
A13: 苫前町長 様
E14: 団体名
E15: 所在地
E16: 代表者名
A18: １ 業務計画
A19: （１）管理のための基本方針（様式３）
A20: （２）管理の実施計画（様式４―Ａ）
A21: （３）利用料金の設定方針（様式４―Ｂ）
A22: （４）職員の配置計画（様式４―Ｃ）

Sheet （様式３）
H4: （様式３）
A5: 管理のための基本方針
A36: 団体名

Sheet （様式４-A）
G4: （様式４－Ａ）
A5: 管理の実施計画
A36: 団体名

Sheet （様式４-B）
G4: （様式４－Ｂ）
A5: 利用料金の設定方針
A36: 団体名

Sheet （様式４-B） (2)
A3: 【利用料金の設定】
A5: １ 宿泊料
A6: 部屋タイプ | C6: 上限額 | E6: 現行料金 | G6: 設定料金
C7: （食事代、税等は含まない） | E7: サービス料、諸税 （入湯税・消費税） 込み | G7: サービス料、諸税 （入湯税・消費税） 込み
A8: 洋室ツイン（１名） | C8: 和室及び洋室 1泊1人につき １２，０００円 | E8: 7100
A9: 洋室ツイン（２名） | E9: 6600
A10: 洋室ラージツイン（１名） | E10: 7600
A11: 洋室ラージツイン（２名） | E11: 7100
A12: 和室（１名） | E12: 8500
A13: 和室（２名） | E13: 7700
A14: ロフト付和室（１名） | E14: 8500
A15: ロフト付和室（２名以上） | E15: 7700
A16: ｷｬﾋﾞﾝﾀｲﾌﾟｼﾝｸﾞﾙ | E16: 3800
A17: 特別室（１名） | E17: 9600
A18: 特別室（２名） | E18: 8800
A19: ※小人（小学生、幼児）料金 | E19: 3300
A21: ２ 貸室料
A22: 区分 | C22: 上限額（１時間当たり） | E22: 現行料金 | G22: 設定料金
C23: （消費税は含まない） | E23: サービス料、消費税込み | G23: サービス料、消費税込み
A24: 多目的ホール | C24: 8000 | E24: 8800
A25: 研修室 | B25: 全室（2部屋） | C25: 2000 | E25: 3300
A26: （洋室） | B26: 分割１部屋 | C26: 2000 | E26: 2200
A27: 研修室 | B27: 全室（2部屋） | C27: 3000 | E27: 3300
A28: （和室） | B28: 分割１部屋 | C28: 2000 | E28: 2200
A29: 会議室１ | C29: 2000 | E29: 2200
A30: 会議室２ | C30: 4000 | E30: 3300
A32: ３ 入浴料
A33: 区分 | B33: 上限額（１人当たり） | D33: 現行料金 | F33: 設定料金
B34: （入湯税は含まない） | D34: （入湯税大人100円含む） | F34: （入湯税大人100円含む）
A35: 大人 | B35: 600 | D35: 600
A36: 大人（70歳以上） | D36: 300
A37: 大人（身障者） | D37: 300
A38: 大人（母子・寡婦世帯） | D38: 300
A39: 小人 | B39: 400 | D39: 300
A40: 小人（身障者） | D40: 150
A41: 小人（母子・寡婦世帯） | D41: 150
A43: 団体名

Sheet （様式４-C）
G4: （様式４－Ｃ）
A5: 職員の配置計画
A36: 団体名

Sheet （様式５）
M4: （様式５）
A5: 収 支 計 画 書
A7: １ 総括表 | J7: （単位：千円）
A8: 項目 | C8: 令和9年度 | E8: 令和10年度 | G8: 令和11年度 | I8: 令和12年度 | K8: 令和13年度 | M8: 合計
A9: 収入合計 Ａ | C9: ='（様式５）収支内訳書'!E13 -> 0 | E9: ='（様式５）収支内訳書'!S13 -> 0 | G9: ='（様式５）収支内訳書'!AG13 -> 0 | I9: ='（様式５）収支内訳書'!AU13 -> 0 | K9: ='（様式５）収支内訳書'!BH13 -> 0 | M9: =SUM(C9:L11) -> 0
A12: 支出合計 Ｂ | C12: ='（様式５）収支内訳書'!E33 -> 0 | E12: ='（様式５）収支内訳書'!S33 -> 0 | G12: ='（様式５）収支内訳書'!AG33 -> 0 | I12: ='（様式５）収支内訳書'!AU33 -> 0 | K12: ='（様式５）収支内訳書'!BH33 -> 0 | M12: =SUM(C12:L14) -> 0
A15: 収支Ｃ（Ａ－Ｂ） | C15: =C9-C12 -> 0 | E15: =E9-E12 -> 0 | G15: =G9-G12 -> 0 | I15: =I9-I12 -> 0 | K15: =K9-K12 -> 0 | M15: =SUM(C15:L17) -> 0
A18: 提案協定対価Ｄ | M18: =M15*-1 -> 0
A20: （Ｃ×－1）
A22: 団体名
A25: ＊ 記載する金額には、消費税等を抜いてください。
A26: ＊ 収支の内訳を年度ごと（Ｒ９～Ｒ１３）に「２ 収支内訳書」へ記載してください。
A27: ＊「提案協定対価」とは、申請者が指定管理者として施設の運営管理を行うために必
A28: 要な役務の対価で、指定期間の収支の合計における収支不足分です。
A30: 注１ 提案協定対価（Ｄ欄）が、負数になる場合は「０」と記入してください。
A31: 注２ 提案協定対価（Ｄ欄）が、町の予定協定対価を超過する場合は失格となります。

Sheet （様式５）収支内訳書
B2: ２ 収支内訳書（令和９年度分） | P2: ２ 収支内訳書（令和１０年度分） | AD2: ２ 収支内訳書（令和１１年度分） | AR2: ２ 収支内訳書（令和１２年度分） | BE2: ２ 収支内訳書（令和１３年度分）
B4: 【収入】 | P4: 【収入】 | AD4: 【収入】 | AR4: 【収入】 | BE4: 【収入】
B6: 科目 | E6: 金額 | H6: 内訳 | P6: 科目 | S6: 金額 | V6: 内訳 | AD6: 科目 | AG6: 金額 | AJ6: 内訳 | AR6: 科目 | AU6: 金額 | AX6: 内訳 | BE6: 科目 | BH6: 金額 | BK6: 内訳
B7: 収 入 | C7: 宿泊料金収入 | P7: 収 入 | Q7: 宿泊料金収入 | AD7: 収 入 | AE7: 宿泊料金収入 | AR7: 収 入 | AS7: 宿泊料金収入 | BE7: 収 入 | BF7: 宿泊料金収入
C8: 入浴料金収入 | Q8: 入浴料金収入 | AE8: 入浴料金収入 | AS8: 入浴料金収入 | BF8: 入浴料金収入
C9: 料理飲食収入 | Q9: 料理飲食収入 | AE9: 料理飲食収入 | AS9: 料理飲食収入 | BF9: 料理飲食収入
C10: 売店収入 | Q10: 売店収入 | AE10: 売店収入 | AS10: 売店収入 | BF10: 売店収入
C11: その他収入 | Q11: その他収入 | AE11: その他収入 | AS11: その他収入 | BF11: その他収入
B13: 合 計 | E13: =SUM(E7:G12) -> 0 | P13: 合 計 | S13: =SUM(S7:U12) -> 0 | AD13: 合 計 | AG13: =SUM(AG7:AI12) -> 0 | AR13: 合 計 | AU13: =SUM(AU7:AW12) -> 0 | BE13: 合 計 | BH13: =SUM(BH7:BJ12) -> 0
B15: 【支出】 | P15: 【支出】 | AD15: 【支出】 | AR15: 【支出】 | BE15: 【支出】
B16: 科目 | E16: 金額 | H16: 内訳 | P16: 科目 | S16: 金額 | V16: 内訳 | AD16: 科目 | AG16: 金額 | AJ16: 内訳 | AR16: 科目 | AU16: 金額 | AX16: 内訳 | BE16: 科目 | BH16: 金額 | BK16: 内訳
B17: 支 出 | C17: 売上原価 | P17: 支 出 | Q17: 売上原価 | AD17: 支 出 | AE17: 売上原価 | AR17: 支 出 | AS17: 売上原価 | BE17: 支 出 | BF17: 売上原価
C18: 人件費 | H18: ※人件費の内訳については別紙様式（スライド対象経費計画）に記載 | Q18: 人件費 | V18: ※人件費の内訳については別紙様式（スライド対象経費計画）に記載 | AE18: 人件費 | AJ18: ※人件費の内訳については別紙様式（スライド対象経費計画）に記載 | AS18: 人件費 | AX18: ※人件費の内訳については別紙様式（スライド対象経費計画）に記載 | BF18: 人件費 | BK18: ※人件費の内訳については別紙様式（スライド対象経費計画）に記載
C19: 消耗品費 | Q19: 消耗品費 | AE19: 消耗品費 | AS19: 消耗品費 | BF19: 消耗品費
C20: 保健衛生費 | Q20: 保健衛生費 | AE20: 保健衛生費 | AS20: 保健衛生費 | BF20: 保健衛生費
C21: 水道光熱費 | H21: ※水道光熱水費ついては別紙様式（スライド対象経費計画）に記載 | Q21: 水道光熱費 | V21: ※水道光熱水費ついては別紙様式（スライド対象経費計画）に記載 | AE21: 水道光熱費 | AJ21: ※水道光熱水費ついては別紙様式（スライド対象経費計画）に記載 | AS21: 水道光熱費 | AX21: ※水道光熱水費ついては別紙様式（スライド対象経費計画）に記載 | BF21: 水道光熱費 | BK21: ※水道光熱水費ついては別紙様式（スライド対象経費計画）に記載
C22: 燃料費 | H22: ※燃料費については別紙様式（スライド対象経費計画）に記載 ※油種毎の内訳がわかるよう提出（任意様式） | Q22: 燃料費 | V22: ※燃料費については別紙様式（スライド対象経費計画）に記載 ※油種毎の内訳がわかるよう提出（任意様式） | AE22: 燃料費 | AJ22: ※燃料費については別紙様式（スライド対象経費計画）に記載 ※油種毎の内訳がわかるよう提出（任意様式） | AS22: 燃料費 | AX22: ※燃料費については別紙様式（スライド対象経費計画）に記載 ※油種毎の内訳がわかるよう提出（任意様式） | BF22: 燃料費 | BK22: ※燃料費については別紙様式（スライド対象経費計画）に記載 ※油種毎の内訳がわかるよう提出（任意様式）
C23: 修繕料 | Q23: 修繕料 | AE23: 修繕料 | AS23: 修繕料 | BF23: 修繕料
C24: 委託料 | Q24: 委託料 | AE24: 委託料 | AS24: 委託料 | BF24: 委託料
C25: 通信費 | Q25: 通信費 | AE25: 通信費 | AS25: 通信費 | BF25: 通信費
C26: 広告宣伝費 | Q26: 広告宣伝費 | AE26: 広告宣伝費 | AS26: 広告宣伝費 | BF26: 広告宣伝費
C27: 保守点検費 | Q27: 保守点検費 | AE27: 保守点検費 | AS27: 保守点検費 | BF27: 保守点検費
C28: リース料 | Q28: リース料 | AE28: リース料 | AS28: リース料 | BF28: リース料
C29: その他経費 | Q29: その他経費 | AE29: その他経費 | AS29: その他経費 | BF29: その他経費
B33: 合 計 | E33: =SUM(E17:G32) -> 0 | P33: 合 計 | S33: =SUM(S17:U32) -> 0 | AD33: 合 計 | AG33: =SUM(AG17:AI32) -> 0 | AR33: 合 計 | AU33: =SUM(AU17:AW32) -> 0 | BE33: 合 計 | BH33: =SUM(BH17:BJ32) -> 0
B34: ＊ 別紙を添付することも可能です。 | P34: ＊ 別紙を添付することも可能です。 | AD34: ＊ 別紙を添付することも可能です。 | AR34: ＊ 別紙を添付することも可能です。 | BE34: ＊ 別紙を添付することも可能です。
B35: ＊ 令和9年度分から令和13年度分までの５年間分が必要です。 | P35: ＊ 令和9年度分から令和13年度分までの５年間分が必要です。 | AD35: ＊ 令和9年度分から令和13年度分までの５年間分が必要です。 | AR35: ＊ 令和9年度分から令和13年度分までの５年間分が必要です。 | BE35: ＊ 令和9年度分から令和13年度分までの５年間分が必要です。
B36: 団体名 | P36: 団体名 | AD36: 団体名 | AR36: 団体名 | BE36: 団体名

Sheet （別紙様式）スライド対象経費計画
B2: 別紙様式
B4: スライド制度対象経費計画額
B7: 経費項目 | F7: 計画額（単位：人、千円）
F8: 指定期間１年目 | H8: 指定期間２年目 | J8: 指定期間３年目 | L8: 指定期間４年目 | N8: 指定期間５年目 | P8: 合計
F9: （R9年度） | H9: （R10年度） | J9: （R11年度） | L9: （R12年度） | N9: （R13年度）
B10: 人件費 | E10: 対象経費人員：正規職員 | H10: =F10 -> 0 | J10: =H10 -> 0 | L10: =J10 -> 0 | N10: =L10 -> 0 | P10: =SUM(F10:O10) -> 0
E11: 対象経費 ：正規職員 | H11: =F11 -> 0 | J11: =H11 -> 0 | L11: =J11 -> 0 | N11: =L11 -> 0 | P11: =SUM(F11:O11) -> 0
E12: 対象経費人員：非正規職員 | H12: =F12 -> 0 | J12: =H12 -> 0 | L12: =J12 -> 0 | N12: =L12 -> 0 | P12: =SUM(F12:O12) -> 0
E13: 対象経費 ：非正規職員 | H13: =F13 -> 0 | J13: =H13 -> 0 | L13: =J13 -> 0 | N13: =L13 -> 0 | P13: =SUM(F13:O13) -> 0
E14: 対象外経費 ：その他人件費 | P14: =SUM(F14:O14) -> 0
E15: 人件費合計 | F15: =F11+F13+F14 -> 0 | H15: =H11+H13+H14 -> 0 | J15: =J11+J13+J14 -> 0 | L15: =L11+L13+L14 -> 0 | N15: =N11+N13+N14 -> 0 | P15: =SUM(F15:O15) -> 0
B16: 物件費 | C16: 燃料費 | E16: 対象経費 ：燃料 | H16: =F16 -> 0 | J16: =H16 -> 0 | L16: =J16 -> 0 | N16: =L16 -> 0 | P16: =SUM(F16:O16) -> 0
C17: 水道光熱水費 | E17: 対象経費 ：電気 | H17: =F17 -> 0 | J17: =H17 -> 0 | L17: =J17 -> 0 | N17: =L17 -> 0 | P17: =SUM(F17:O17) -> 0
E18: 対象経費 ：ガス | H18: =F18 -> 0 | J18: =H18 -> 0 | L18: =J18 -> 0 | N18: =L18 -> 0 | P18: =SUM(F18:O18) -> 0
E19: 対象外経費 :その他 | P19: =SUM(F19:O19) -> 0
C20: 物件費合計 | F20: =SUM(F16:G19) -> 0 | H20: =SUM(H16:I19) -> 0 | J20: =SUM(J16:K19) -> 0 | L20: =SUM(L16:M19) -> 0 | N20: =SUM(N16:O19) -> 0 | P20: =SUM(P16:Q19) -> 0
B21: ※スライド制度対象経費計画額については、指定期間２年目以降の賃金・物価の変動を見込まずに積算してください。
B22: ※提出にあたっては、収支計画書と齟齬がないことを確認してください。

Sheet （様式６）
H4: （様式６）
A7: 辞 退 届
F11: 令和 年 月 日
A13: 苫前町長 様
E14: 団体名
E15: 所在地
E16: 代表者名
A18: 苫前町新日本海地域交流センターの指定管理者の申請を辞退します。
A21: （ふりがな）
A22: 氏 名
A23: 部署・職名
A25: 電話番号 | F25: FAX
A27: E-mail

Sheet （様式７）
H4: （様式７）
A7: 公募説明会及び施設見学会参加申込書
F11: 令和 年 月 日
A13: 苫前町長 様
E14: 団体名
E15: 所在地
E16: （ふりがな）
E17: 担当者氏名
E18: 所属・職名
E19: 電話番号
E20: FAX
A22: 苫前町新日本海地域交流センター指定管理者の公募説明会及び施設見学会への参加を、下記のとおり申し込みます。
A25: 団体名
A27: 参加者氏名
A34: ＊この申込書は、事前に提出してください。

Sheet （様式８）
H4: （様式８）
A7: 質 問 書
F11: 令和 年 月 日
A13: 苫前町長 様
E14: 団体名
E15: 所在地
E16: （ふりがな）
E17: 担当者氏名
E18: 所属・職名
E19: 電話番号
E20: FAX
A22: 「苫前町新日本海地域交流センター指定管理者公募要項」について、次のとおり質問事項を提出します。
A25: 項目 | C25: （公募要項または資料名・ページ・項目）
A27: 内容
A34: 注：質問事項は、本様式一枚につき一問とし、簡潔に記載してください。 ＊ 電子メールに添付して送付される場合には、開封確認等で着信を確認してください。

Sheet 申請書類提出一覧
A4: 申請書類提出一覧
A5: 申請書類は、次の順序で編纂のうえ、６部（原本１部、コピー５部）提出してください。
B7: 順序 | C7: 申請書類 | G7: 備考
B8: 1 | C8: 指定管理者指定申請書 | F8: 別記第１号様式
B9: 2 | C9: 団体の概要 | F9: 様式１
B10: 3 | C10: 業務計画書 | F10: 様式２
B11: 4 | C11: 管理のための基本方針 | F11: 様式３
B12: 5 | C12: 管理の実施計画 | F12: 様式４－Ａ
B13: 6 | C13: 利用料金の設定方針 | F13: 様式４－Ｂ
B14: 7 | C14: 職員の配置計画 | F14: 様式４－Ｃ
B15: 8 | C15: 収支計画書（総括表） | F15: 様式５
D16: 収支内訳書（令和９年度）
D17: 収支内訳書（令和１０年度）
D18: 収支内訳書（令和１１年度）
D19: 収支内訳書（令和１２年度）
D20: 収支内訳書（令和１３年度）
B21: 9 | C21: 法人登記簿の謄本
B22: 10 | C22: 団体の定款、寄附行為又はこれに相当する書類 | G22: 法人の場合
B23: 11 | C23: 団体の規約 | G23: 非法人の場合
B24: 12 | C24: 代表者の身分証明書
B25: 13 | C25: 納税証明書（１０月１日以降に交付されたもの） | G25: 納税義務がある場合のみ
B26: 14 | C26: 申請書を提出する日の属する事業年度の前事業年度の申請者に関する事業報告書、収支計算書、貸借対照表、財産目録その 他財務の状況を明らかにする書類
